 Dungeon Crawl Stone Soup version 0.16.1-51-g6203257 (webtiles) character file.

716 RepoMan the Changer (level 7, 0/32 HPs)
             Began as a Vine Stalker Transmuter on Aug 8, 2015.
             Succumbed to a scorpion's poison
             ... on level 5 of the Dungeon.
             The game lasted 00:37:16 (3544 turns).

RepoMan the Changer (Vine Stalker Transmuter)       Turns: 3544, Time: 00:37:16

Health: 0/32       AC:  7    Str: 12 (15) XL:     7   Next: 69%
Magic:  12/18      EV: 10    Int: 13      God:
Gold:   173        SH:  0    Dex: 14      Spells: 2 memorised, 11 levels left

rFire  + . .     SeeInvis .       - Unarmed
rCold  + . .     Clarity  .     r - +0 ring mail
rNeg   . . .     SustAb   .     (no shield)
rPois  +         Gourm    .     (no helmet)
rElec  +         Spirit   +     m - +1 cloak
rCorr  +         Warding  .     (no gloves)
rMut   .         Stasis   .     (no boots)
MR     .....                    (no amulet)
Stlth  ..........               (no ring)
                                (no ring)

@: confused, lethally poisoned (0 -> -4), resistant, not resistant to hostile
enchantments, extremely unstealthy
A: fangs 2, regeneration 2, magic shield, antimagic bite, no device heal 3, rot
immunity
a: no special abilities


You were on level 5 of the Dungeon.
You were not hungry.

You visited 1 branch of the dungeon, and saw 5 of its levels.
You also visited: Sewer.

You collected 173 gold pieces.

Inventory:

Missiles
 b - 5 arrows
Armour
 m - a +1 cloak (worn)
 r - a +0 ring mail (worn)
Jewellery
 n - an uncursed ring of protection from magic {unknown}
 u - an uncursed amulet of clarity {unknown}
Scrolls
 f - a scroll of holy word {unknown}
Potions
 c - 2 potions of flight
 e - a potion of invisibility
 l - a potion of heal wounds
 t - 2 potions of poison {unknown}
Books
 d - a book of Changes

   Spells                             Type                      Level
   a - Beastly Appendage              Transmutation                1
   b - Sticks to Snakes               Transmutation                2
   c - Spider Form                    Transmutation/Poison         3
   d - Ice Form                       Ice/Transmutation            4
   e - Blade Hands                    Transmutation                5
Comestibles
 a - 3 bread rations
 g - 3 meat rations
 i - 2 slices of pizza
 k - a royal jelly
 o - a chunk of flesh


   Skills:
 - Level 0.8 Fighting
 * Level 3.3 Armour
 - Level 1.5 Dodging
 + Level 4.4 Unarmed Combat
 + Level 4.3 Spellcasting
 * Level 5.1 Transmutations


You had 11 spell levels left.
You knew the following spells:

 Your Spells              Type           Power        Failure   Level  Hunger
a - Beastly Appendage     Trmt           ###...       6%          1    None
s - Sticks to Snakes      Trmt           ###.......   10%         2    ##.....


Dungeon Overview and Level Annotations

Branches:
Dungeon (5/15)
 Temple: D:4-7

Altars:
Yredelemnul


Innate Abilities, Weirdness & Mutations

You have extremely sharp teeth.
You heal very quickly.
When hurt, damage is shared between your health and your magic reserves.
Your bite disrupts and absorbs the magic of your enemies.
Potions and wands cannot restore your health.
You are immune to rotting.


Message History

The scorpion stings you.
* * * LOW HITPOINT WARNING * * *
You feel sick.
You feel sick. The scorpion stings you.
* * * LOW HITPOINT WARNING * * *
You are lethally poisoned!
The scorpion poisons you!
* * * LOW HITPOINT WARNING * * *
You feel sick.
Drink which item? (? for menu, Esc to quit)
You are confused.
You feel invigorated.
* * * LOW HITPOINT WARNING * * *
You feel sick. The scorpion misses you.
Drink which item? (? for menu, Esc to quit)
Okay, then.
Unknown command.
Drink which item? (? for menu, Esc to quit)
You feel protected.
You die...

..........).....#
#........#
.................#
#........#
.................#
#........#
###+##...........#
#........# #...........#
#......(.# +...........#
#........#
+#...........#
#........#
...........s..#
#.........
....####+##.@..#
#.........
...+.....#....#
#.........
..#.....#....#
#......... #.....'....#
#^........ ###
#.....#....# #.........
.≈# #.....#....#
#.......## ###
#####+#....#####.......#
.. +................# ..
#................#


You could see a scorpion.

Vanquished Creatures
  Grinder (D:5)
  An ogre (D:5)
  A big kobold (Sewer)
  2 hounds (D:5)
  3 orc priests
  3 worker ants
  Natasha (twice) (D:5)
  3 adders
  A gnoll (D:1)
  A river rat (Sewer)
  A giant mite (D:5)
  A shadow imp (D:5)
  3 giant geckos
  9 orcs
  14 bats
  5 giant cockroaches
  11 hobgoblins
  6 jackals
  8 kobolds
  2 quokkas
  A giant newt (D:2)
  6 goblins
  A jackal zombie (D:5)
  10 rats
  3 ballistomycetes (D:5)
99 creatures vanquished.

Vanquished Creatures (others)
  A giant spore (D:5)
1 creature vanquished.

Grand Total: 100 creatures vanquished

Notes
Turn   | Place    | Note
--------------------------------------------------------------
     0 | D:1      | RepoMan, the Vine Stalker Transmuter, began the quest for the Orb.
     0 | D:1      | Reached XP level 1. HP: 9/9 MP: 3/3
    71 | D:1      | Reached XP level 2. HP: 14/14 MP: 6/6
   334 | D:1      | Reached XP level 3. HP: 15/17 MP: 7/7
   409 | D:1      | Learned a level 2 spell: Sticks to Snakes
   727 | D:2      | Found a basalt altar of Yredelemnul.
  1391 | D:3      | Reached skill level 1 in Armour
  1391 | D:3      | Reached XP level 4. HP: 18/21 MP: 6/9
  1722 | D:3      | Reached XP level 5. HP: 16/25 MP: 9/13
  2242 | D:4      | Gained mutation: You heal very quickly. [vine stalker growth]
  2242 | D:4      | Reached XP level 6. HP: 25/29 MP: 13/15
  2289 | D:4      | Noticed an ogre
  2292 | D:5      | Entered Level 5 of the Dungeon
  2439 | D:5      | Found a glowing drain.
  2455 | Sewer    | Entered a sewer
  2567 | Sewer    | Reached skill level 4 in Unarmed Combat
  2630 | Sewer    | Found a white marble altar of Elyvilon.
  2813 | D:5      | Reached XP level 7. HP: 32/32 MP: 15/17
  2972 | D:5      | Noticed Natasha
  2997 | D:5      | Killed Natasha
  3007 | D:5      | Noticed Natasha
  3025 | D:5      | Killed Natasha
  3331 | D:5      | Noticed Grinder
  3374 | D:5      | Killed Grinder
  3374 | D:5      | Reached skill level 5 in Transmutations
  3542 | D:5      | HP: 1/32 [poisoned by a scorpion]
  3544 | D:5      | Succumbed to a scorpion's poison

Action                   |  1- 3 |  4- 6 |  7- 9 || total
-------------------------+-------+-------+-------++-------
Melee: Unarmed           |   148 |   198 |   109 ||   455
 Cast: Beastly Appendage |    12 |    22 |     8 ||    42
       Sticks to Snakes  |       |       |     7 ||     7
  Use: Scroll            |     1 |     7 |       ||     8
       Potion            |       |    10 |     3 ||    13
 Stab: Sleeping          |     2 |       |       ||     2
  Eat: Chunk             |     2 |     5 |     2 ||     9
       Pizza             |       |       |     1 ||     1
